 Dungeon Crawl Stone Soup version 0.29.0-11-gd7f09526c8 (webtiles) character file.

Game seed: 17689343592559156570

359 xian the Covert (level 6, -8/41 HPs)
             Began as an Octopode Brigand on Sept 5, 2022.
             Mangled by a gnoll
             ... wielding a +1 halberd of venom
             ... led by a gnoll bouda
              (12 damage)
             ... on level 4 of the Dungeon.
             The game lasted 00:07:37 (3459 turns).

xian the Covert (Octopode Brigand)                  Turns: 3459, Time: 00:07:41

Health: -8/41      AC:  3    Str: 12    XL:     6   Next: 65%
Magic:  0/7        EV: 13    Int: 14    God:
Gold:   195        SH:  0    Dex: 13    Spells: 6/6 levels left

rFire   . . .      SeeInvis .   a - +2 dagger
rCold   . . .      Faith    .   (no shield)
rNeg    . . .      Spirit   +   i - +2 hat of the Bear Spirit {Spirit, *Rage Will++}
rPois   .          Reflect  .   (no amulet)
rElec   .          Harm     .   k - ring of resist corrosion
rCorr   +          Rampage  .   r - ring of flight
Will    ++...      Rage     20% (no ring)
Stlth   +++++.....              (no ring)
HPRegen 0.13/turn               (no ring)
MPRegen 0.10/turn               (no ring)
                                (no ring)
                                (no ring)

@: lethally poisoned (-8 -> -22), about to teleport, weakened, on berserk
cooldown, flying, slowed, very slow
A: almost no armour, amphibious, 8 rings, camouflage 1, gelatinous body 1,
(nimble swimmer 1), tentacles
a: no special abilities


You were on level 4 of the Dungeon.
You visited 1 branch of the dungeon, and saw 4 of its levels.

You collected 195 gold pieces.

Inventory:

Hand Weapons
 a - a +2 dagger (weapon)
Missiles
 c - a curare-tipped dart (quivered)
 g - 2 javelins
 q - 3 atropa-tipped darts
Armour
 i - the +2 hat of the Bear Spirit (worn) {Spirit, *Rage Will++}
   (You found it on level 4 of the Dungeon)

   Going berserk makes the wearer tougher, and they're slowed less afterward.
   *Rage:     It berserks you when you make melee attacks (+20% chance).
   Will:      It greatly increases your willpower.
Jewellery
 k - a ring of resist corrosion (left tentacle)
 r - a ring of flight (right tentacle)
Wands
 n - a wand of polymorph (12)
Scrolls
 e - 2 scrolls of teleportation
 f - 2 scrolls of immolation {unknown}
 h - a scroll of poison {unknown}
 j - a scroll of enchant armour
 l - a scroll of fog
 s - a scroll of silence {unknown}
 t - a scroll of magic mapping {unknown}
Potions
 d - 2 potions of heal wounds
 m - 4 potions of flight
 o - 2 potions of lignification {unknown}
 p - a potion of degeneration {unknown}


   Skills:
 + Level 2.5 Fighting
 + Level 3.4 Short Blades
 + Level 2.5 Throwing
 + Level 1.6 Dodging
 + Level 9.0 Stealth
 * Level 0.7 Spellcasting


You had 6 spell levels left.
You didn't know any spells.
Your spell library contained the following spells:

 Spells                   Type           Power      Damage    Failure   Level
 Tukima's Dance           Hex            0%         N/A       63%         3
 Passage of Golubria      Tloc           0%         N/A       95%         4
 Yara's Violent Unravell  Hex/Tmut       0%         3d3       100%        5


Dungeon Overview and Level Annotations

Branches:
Dungeon (4/15)
 Temple: D:4-7

Altars:


Innate Abilities, Weirdness & Mutations

You cannot wear most types of armour.
You are amphibious.
You can wear up to eight rings at the same time.
Your skin changes colour to match your surroundings (Stealth+).
Your rubbery body absorbs attacks. (AC +1, EV +1)
((You are camouflaged when in or above water. (Stealth+)))
You have tentacles for arms and can constrict up to eight enemies at once.


Message History

You feel your attacks grow feeble.
The gnoll bouda hits you with a +0 club!
You are too injured to fight recklessly!
You are too injured to fight recklessly!
The gnoll bouda gazes fiercely through you!
You feel as though you will be weak longer.
The gnoll bouda hits you but does no damage.
The gnoll bouda barks out a call to the hunt!
The gnoll picks up the pace!
The gnoll hits you from afar with a +1 halberd of venom!
* * * LOW HITPOINT WARNING * * *
You are poisoned.
Unknown command.
Unknown command.
Unknown command.
It was a potion of heal wounds.
You feel much better.
You feel very sick. The gnoll closely misses you.
The gnoll bouda hits you with a +0 club!
You feel sick.
The gnoll hits you from afar with a +1 halberd of venom!
* * * LOW HITPOINT WARNING * * *
The gnoll bouda hits you with a +0 club.
* * * LOW HITPOINT WARNING * * *
Things that are here:
a +0 flail; a +0 whip; a gnoll corpse You feel much better.
You feel sick.
The gnoll hits you from afar with a +1 halberd of venom!
You are lethally poisoned!
The gnoll bouda hits you with a +0 club.
* * * LOW HITPOINT WARNING * * *
The gnoll misses you.
As you read the scroll labelled GUTOIT LOFRACS, it crumbles to dust.
You feel strangely unstable.
It was a scroll of teleportation.
* * * LOW HITPOINT WARNING * * *
You feel very sick.
The gnoll bouda hits you with a +0 club.
* * * LOW HITPOINT WARNING * * *
The gnoll hits you from afar with a +1 halberd of venom!
You die...

#####.## .##.. ##.##
#......<.. ####.####
###......... ###.......####
##(.......... #.............#
#............ ..............#
#............
#.............###[...........
###........##...#)...........
######..#####.@gg.(.((...(.
##..## ####.........g. ###
##..## ###......... #.###..##
#.#....... ......##
#.###..... .......## #.#
###.. ........## #.# #
.......†.# #.# .........# ##.


You could see a gnoll bouda and a gnoll (swift).

Vanquished Creatures
  Sigmund (D:2)
  Natasha (thrice) (D:2)
  An adder (D:3)
  4 gnolls (D:4)
  An ufetubus (D:3)
  A worm (D:3)
  2 dart slugs
  5 orcs (D:3)
  4 bats
  7 endoplasms
  2 giant cockroaches (D:4)
  8 hobgoblins
  3 kobolds
  5 quokkas
  4 ball pythons
  3 frilled lizards
  4 goblins
  6 rats
64 creatures vanquished.

Notes
Turn   | Place    | Note
-------+----------+-------------------------------------------
     0 | D:1      | xian the Octopode Brigand began the quest for the Orb.
     0 | D:1      | Reached XP level 1. HP: 14/14 MP: 1/1
   347 | D:1      | Reached XP level 2. HP: 19/19 MP: 2/2
  1054 | D:2      | Noticed Sigmund
  1057 | D:2      | Killed Sigmund
  1058 | D:2      | Reached skill level 8 in Stealth
  1058 | D:2      | Reached XP level 3. HP: 25/25 MP: 3/3
  1058 | D:2      | Reached XP level 4. HP: 30/30 MP: 4/4
  1058 | D:2      | Reached XP level 5. HP: 35/35 MP: 5/5
  1334 | D:2      | Noticed Natasha
  1339 | D:2      | Killed Natasha
  1498 | D:2      | Noticed Natasha
  1511 | D:2      | Killed Natasha
  1512 | D:2      | Reached XP level 6. HP: 11/41 MP: 6/6
  1920 | D:2      | Noticed Natasha
  1929 | D:2      | Killed Natasha
  1975 | D:2      | Found a faded altar of an unknown god.
  3247 | D:4      | Found the +2 hat of the Bear Spirit {Spirit, *Rage Will++}
  3445 | D:4      | Reached skill level 9 in Stealth
  3459 | D:4      | Mangled by a gnoll

Illustrated notes

Levels and vault maps discovered:
D:1:      dpeg_arrival_ternary, layout_basic, corexii_item_surrounded_by_moat
D:2:      layout_loops_cross, hellmonk_ecumenical_altar_inner_sanctum,
          minmay_misc_feat_rows, uniq_natasha, uniq_sigmund
D:3:      layout_loops_corners, minmay_misc_feat_more_columns,
          minmay_misc_feat_tower, kennysheep_flooded_box
D:4:      layout_cave_pods, minmay_temple_entry_grid, minmay_checkerbox

Skill      XL: |  1  2  3  4  5  6 |
---------------+-------------------+-----
Stealth        | 8 9 |  9.0
Short Blades   | 3 |  3.4
Fighting       | |  2.5
Throwing       | |  2.5
Dodging        | |  1.6
Spellcasting   | |  0.7

Action                   |  1- 3 |  4- 6 || total
-------------------------+-------+-------++-------
Melee: Dagger            |    20 |    76 ||    96
       Constrict         |     2 |    17 ||    19
       Tentacles         |       |    17 ||    17
Throw: Dart              |       |    36 ||    36
  Use: Scroll            |       |     5 ||     5
       Potion            |       |     2 ||     2
 Stab: Sleeping          |    10 |    22 ||    32
Armor: Skin              |       |     9 ||     9
Dodge: Dodged            |     5 |    40 ||    45
